 Dungeon Crawl Stone Soup version 0.30-a0-385-gfebfb9b408 (webtiles) character file.

Game seed: 12359446401457195109

1 qeuew the Grasshopper (level 1, -1/19 HPs)
             Began as a Naga Warper on Dec 2, 2022.
             Slain by a jackal (2 damage)
             ... on level 1 of the Dungeon.
             The game lasted 00:00:22 (56 turns).

qeuew the Grasshopper (Naga Warper)                   Turns: 56, Time: 00:00:24

Health: -1/19      AC:  1    Str: 13    XL:     1   Next: 20%
Magic:  3/3        EV:  9    Int: 13    God:
Gold:   12         SH:  0    Dex: 10    Spells: 4/4 levels left

rFire   . . .      SeeInvis +    a - +0 hand axe
rCold   . . .      Faith    .    (no shield)
rNeg    . . .      Spirit   .    b - +0 leather armour
rPois   +          Reflect  .    (no helmet)
rElec   .          Harm     .    (no cloak)
rCorr   .          Rampage  .    (no gloves)
Will    .....                    (no barding)
Stlth   +.........               (no amulet)
HPRegen 0.23/turn                (no ring)
MPRegen 0.08/turn                (no ring)

@: very slow
A: AC +0, large, see invisible, deformed body, poison resistance, slowness 2,
spit poison 1, naga tail 1
a: Spit Poison


You were on level 1 of the Dungeon.
You visited 1 branch of the dungeon, and saw 1 of its levels.

You collected 12 gold pieces.

Inventory:

Hand Weapons
 a - a +0 hand axe (weapon)
Missiles
 d - 7 boomerangs of dispersal (quivered)
Armour
 b - a +0 leather armour (worn)
Scrolls
 c - a scroll of blinking


   Skills:
 + Level 2.0 Fighting
 + Level 2.0 Axes
 + Level 0.8 Throwing
 * Level 0.7 Armour
 + Level 1.5 Dodging
 * Level 2.0 Spellcasting
 + Level 3.0 Translocations


You had 4 spell levels left.
You didn't know any spells.
Your spell library contained the following spells:

 Spells                   Type           Power      Damage    Failure   Level
 Blink                    Tloc           18%        N/A       14%         2
 Lesser Beckoning         Tloc           18%        N/A       28%         3
 Teleport Other           Tloc           9%         N/A       28%         3
 Vhi's Electric Charge    Tloc/Air       10%        N/A       45%         3
 Manifold Assault         Tloc           9%         N/A       67%         4


Dungeon Overview and Level Annotations

Branches:
Dungeon (1/15)

Altars:


Innate Abilities, Weirdness & Mutations

Your serpentine skin is tough. (AC +0)
You have supernaturally acute eyesight. (SInv)
Armour fits poorly on your strangely shaped body.
Your system is resistant to poisons. (rPois)
You cover ground very slowly.
You can spit poison.
You have a snake-like lower body.


Message History

A jackal comes into view.
The jackal moves out of view.
The jackal barks!
You don't know any spells.
Okay, then.
The jackal barely misses you.
A jackal comes into view.
The jackal bites you.
There is an open door here.
You barely miss the jackal. The jackal bites you.
You hit the jackal but do no damage. You hit the jackal.
You closely miss the jackal.
The jackal bites you but does no damage. x2
The jackal bites you. x3; The jackal barely misses you.
You closely miss the jackal.
The jackal is severely wounded.
You barely miss the jackal. You hit the jackal but do no damage.
The jackal bites you. x6
* * * LOW HITPOINT WARNING * * *
You are too injured to fight recklessly!
You are too injured to fight recklessly!
You are too injured to fight recklessly!
You are too injured to fight recklessly!
You are too injured to fight recklessly!
You are too injured to fight recklessly!
You are too injured to fight recklessly!
You are too injured to fight recklessly!
You are too injured to fight recklessly!
You are too injured to fight recklessly!
You are too injured to fight recklessly!
You are too injured to fight recklessly!
Unknown command.
The jackal attacks as you move away! The jackal bites you.
* * * LOW HITPOINT WARNING * * *
The jackal barely misses you.
You aren't carrying any potions.
You closely miss the jackal.
The jackal is severely wounded.
The jackal bites you.
You die...

## . . ##.# .#.# ...#
##########h..#
#≈~~#~#~@hh#
#≈##~#~###h......
###≈~#~#~########..
##.'~<#~#~~.#
..####..#≈~~~###.#
........#≈##~#.#.#
#.#####.#≈≈~~#...# .
........######'###...#
#.#####.# #.........


You could see 4 jackals.

Vanquished Creatures
  A hobgoblin (D:1)
1 creature vanquished.

Notes
Turn   | Place    | Note
-------+----------+-------------------------------------------
     0 | D:1      | qeuew the Naga Warper began the quest for the Orb.
     0 | D:1      | Reached XP level 1. HP: 19/19 MP: 3/3
    56 | D:1      | Slain by a jackal

Illustrated notes

Levels and vault maps discovered:
D:1:      ncdulo_wetmaze, layout_basic, serial_shops, nicolae_shop_stone,
          nicolae_square_shop, nicolae_lakefront_shop, shop

Action                   || total
-------------------------++-------
Melee: Hand axe          ||     5
Armor: Leather armour    ||     3
Dodge: Dodged            ||     4

Table legend: (Time is in decaauts)
 A = Elapsed time spent in this place.
 B = Non-inter-level travel time spent in this place.
 C = Inter-level travel time spent in this place.
 D = Time resting spent in this place.
 E = Time spent auto-exploring this place.
 F = Levels seen in this place.
 G = Mean time per level.
                   A        B        C        D        E       F      G
               +--------+--------+--------+--------+--------+-----+--------+
         Total |     84 |     84 |      0 |      0 |     71 |   1 |   84.0 |
       Dungeon |     84 |     84 |      0 |      0 |     71 |   1 |   84.0 |
               +--------+--------+--------+--------+--------+-----+--------+

Top non-repeatable levels by time:
     D:1: 84 daAuts
